 Dungeon Crawl Stone Soup version 0.29.1-2-gbd0b4ee654 (webtiles) character file.

Game seed: 6826603647670358009

21238 DemonSlayer the Thaumaturge (level 12, 0/121 HPs)
             Began as a Demonspawn Fire Elementalist on Nov 3, 2022.
             Was an Elder of Cheibriados.
             Slain by an ice devil (9 damage)
             ... in an ice cave.
             The game lasted 01:07:12 (20609 turns).

DemonSlayer the Thaumaturge (DsFE)                 Turns: 20609, Time: 01:07:13

Health: 0/121      AC: 26    Str: 17    XL:     12   Next: 52%
Magic:  44/44      EV:  2    Int: 30    God:    Cheibriados [****..]
Gold:   141        SH:  0    Dex: 26    Spells: 4/31 levels left

rFire   . . .      SeeInvis .   a - +7 dagger (vorpal)
rCold   . . .      Faith    .   (no shield)
rNeg    . . .      Spirit   .   (body armour currently unavailable)
rPois   +          Reflect  +   (helmet currently unavailable)
rElec   .          Harm     .   (cloak currently unavailable)
rCorr   .          Rampage  .   (gloves currently unavailable)
Will    .....      NoTele   +   (boots currently unavailable)
Stlth   +++.......              n - amulet of reflection
HPRegen 0.30/turn               L - ring of magical power
MPRegen 0.29/turn               g - ring of magical power

@: confused, tree-form, ambrosia-drunk, on berserk cooldown, invisible, very
slow
A: stationary, stasis, torment immunity, boosted hp, (antennae 2), thin skeletal
structure 1, condensation shield, demonic magic 3
a: Renounce Religion, Bend Time, Temporal Distortion, Slouch


You were in an ice cave.
You worshipped Cheibriados.
Cheibriados was greatly pleased with you.
You were a tree.
You visited 2 branches of the dungeon, and saw 13 of its levels.
You also visited: Bailey and Ice Cave.

You collected 1429 gold pieces.
You spent 1288 gold pieces at shops.

Inventory:

Hand Weapons
 a - a +7 vorpal dagger (weapon)
 O - a +0 arbalest
Missiles
 w - 2 throwing nets
 M - a curare-tipped dart
 N - 6 boomerangs
Armour
 d - a +0 pair of boots (melded)
 q - a +0 leather armour of cold resistance (melded)
 F - a +2 pair of gloves of hurling (melded)
 J - a +0 cloak (melded)
Jewellery
 e - a ring of protection from fire
 g - a ring of magical power (right branch)
 n - an amulet of reflection (around neck)
 L - a ring of magical power (left branch)
Wands
 o - a wand of acid (5)
 p - a wand of paralysis (3)
 x - a wand of flame (34)
 y - a wand of polymorph (5)
 G - a wand of mindburst (1)
 I - a wand of iceblast (12)
Scrolls
 c - a scroll of butterflies
 i - 6 scrolls of teleportation
 k - 3 scrolls of poison
 l - a scroll of blinking
 s - a scroll of immolation
 v - a scroll of amnesia
 z - a scroll of identify
 A - a scroll of enchant armour
 K - a scroll of vulnerability
Potions
 b - 2 potions of magic
 j - 2 potions of curing
 m - 2 potions of might
 r - 5 potions of attraction
 u - 2 potions of brilliance
 C - a potion of invisibility
 D - 3 potions of mutation
 E - 4 potions of flight


   Skills:
 + Level 3.2 Fighting
 + Level 4.2 Short Blades
 + Level 0.2 Throwing
 + Level 4.5 Armour
 + Level 4.3 Dodging
 + Level 9.4 Stealth
 + Level 3.3 Shields
 + Level 10.3 Spellcasting
 + Level 6.4 Conjurations
 + Level 9.0 Fire Magic
 + Level 0.1 Ice Magic
 + Level 3.9 Earth Magic
 + Level 0.6 Evocations


You had 4 spell levels left.
You knew the following spells:

 Your Spells              Type           Power      Damage    Failure   Level
a - Foxfire               Conj/Fire      100%       2x1d9     1%          1
b - Scorch                Fire           100%       2d10      1%          2
c - Stone Arrow           Conj/Erth      92%        3d12      1%          3
d - Flame Wave            Conj/Fire      58%        2d14      1%          4
e - Conjure Flame         Conj/Fire      58%        6-21      1%          3
f - Cause Fear            Hex            7%         N/A       32%         4
g - Frozen Ramparts       Ice            32%        1d5       10%         3
h - Summon Ice Beast      Ice/Summ       15%        N/A       32%         4
i - Mephitic Cloud        Conj/Pois/Air  28%        N/A       4%          3

Your spell library contained the following spells:

 Spells                   Type           Power      Damage    Failure   Level
 Magic Dart               Conj           100%       1d8       1%          1
 Sandblast                Erth           76%        2d16      1%          1
 Inner Flame              Hex/Fire       42%        N/A       1%          3
 Passwall                 Tmut/Erth      22%        N/A       2%          2
 Beastly Appendage        Tmut           30%        N/A       3%          1
 Slow                     Hex            60%        N/A       3%          1
 Call Imp                 Summ           15%        N/A       4%          2
 Wereblood                Tmut           15%        N/A       4%          2
 Confusing Touch          Hex            15%        N/A       10%         3
 Spider Form              Tmut/Pois      15%        N/A       10%         3
 Vampiric Draining        Necr           15%        2d7       10%         3
 Anguish                  Hex/Necr       7%         N/A       32%         4
 Ice Form                 Ice/Tmut       15%        N/A       32%         4
 Yara's Violent Unravell  Hex/Tmut       7%         3d5       67%         5
 Enfeeble                 Hex            7%         N/A       100%        7
 Discord                  Hex            7%         N/A       100%        8


Dungeon Overview and Level Annotations

Branches:
Dungeon (12/15)            Temple (0/1) D:7            Lair (1/5) D:11
    Orc (0/2) D:11         Bailey (visited)           IceCv (1/1)

Altars:
Cheibriados
Dithmenos
Fedhas
Gozag
Makhleb
Ru
Sif Muna
Uskayaw
Vehumet
Wu Jian
Yredelemnul

Shops:
D:6 [   D:9 =   D:10 (=*!   D:12 ([:(*

Annotations:
D:9 3 runed translucent doors, firemarshallily's ghost, novice DsGl


Innate Abilities, Weirdness & Mutations

You are a tree.
Your roots penetrate the ground, keeping you stationary.
You cannot be teleported.
You are immune to unholy pain and torment.
Your maximum health is greatly increased.
Your equipment is partially melded.
((You have a pair of antennae on your head.))
You have a somewhat thin skeletal structure. (Dex +2, Stealth+)
A meltable shield of frost defends you. (SH +4)
Spells you cast and wands you use may paralyse nearby enemies.


Message History

The ice devil hits you but does no damage.
You block the ice devil's attack.
There is an ice choked empty arch of ancient stone here.
You block the ice devil's attack. The ice devil barely misses you.
You block the ice devil's attack. The ice devil hits you.
* * * LOW HITPOINT WARNING * * *
The ice devil freezes you! You resist.
* * * LOW HITPOINT WARNING * * *
Blink to where?
Press: ? - help, Dir - move target
As you read the scroll of blinking, it crumbles to dust.
You feel better.
You feel yourself speed up.
Really quaff the potion of lignification?
You turn into a tree.
Your +0 cloak melds into your body.
Your +2 pair of gloves of hurling melds into your body.
Your +0 pair of boots melds into your body.
Your +0 leather armour of cold resistance melds into your body.
Your aim is not that steady anymore.
You feel less resistant to cold.
Your roots penetrate the ground.
You block the ice devil's attack.
You are confused.
You feel invigorated.
The ice devil hits you but does no damage.
You cannot move. (Use ctrl+direction or * direction to attack while stationary and confused.)
You cannot move. (Use ctrl+direction or * direction to attack while stationary and confused.)
There are monsters nearby!
You closely miss the ice devil.
The ice devil is lightly wounded.
You attack the ice covered rock wall.
The ice devil hits you.
* * * LOW HITPOINT WARNING * * *
The ice devil freezes you!
* * * LOW HITPOINT WARNING * * *
You attack the ice covered rock wall.
The ice devil hits you but does no damage.
You nearly hit yourself!
The ice devil hits you but does no damage.
You attack the ice covered rock wall.
The ice devil hits you!
* * * LOW HITPOINT WARNING * * *
The ice devil freezes you!
You die...

#### . ##..##
..# ###....##
....##.......#
.........∩∩4♣#
........4....#
..##..##....##
### ##..##
####


You could see 2 ice devils.

Vanquished Creatures
  Azrael (D:12)
  A centaur warrior (D:8)
  A two-headed ogre (D:12)
  2 hydras
  An orc knight (D:11)
  Maurice (D:8)
  2 cyclopes (D:11)
  Joseph (D:9)
  A gargoyle (D:11)
  Maggie (D:8)
  Psyche (D:9)
  2 unseen horrors
  An ice devil (IceCv)
  2 polar bears (Lair:1)
  6 trolls
  3 blink frogs (Lair:1)
  Prince Ribbit (D:9)
  2 wraiths
  2 wyverns
  26 yaks
  Grum (D:8)
  3 fire elementals (D:12)
  4 vampire mosquitoes (D:12)
  A death yak simulacrum (IceCv)
  2 acid dragons (D:12)
  A water moccasin (D:4)
  3 hell hounds (D:12)
  A sky beast (D:5)
  12 orc warriors
  An ice beast (D:6)
  3 black bears
  4 wolves
  2 ogres (D:6)
  7 centaurs
  3 kobold brigands
  4 bullfrogs
  Blork the orc (D:6)
  A scorpion (D:7)
  2 gnoll sergeants
  2 necrophages
  A water moccasin zombie (D:5)
  A cane toad simulacrum (IceCv)
  11 wights
  16 killer bees
  3 howler monkeys
  3 centaur zombies (D:5)
  A bullfrog zombie (D:5)
  A human zombie (D:5)
  4 orc priests
  4 hounds (D:5)
  3 jellies
  A gnoll bouda (D:4)
  4 iguanas
  8 orc wizards
  3 mummies (D:5)
  13 gnolls
  7 adders
  A naga simulacrum (IceCv)
  A shadow imp (D:6)
  13 white imps
  3 ufetubi
  An adder zombie (D:5)
  2 worms
  A dart slug (D:2)
  20 orcs
  4 ball pythons (D:2)
  3 bats
  3 endoplasms
  A giant cockroach (D:1)
  11 goblins
  8 hobgoblins
  28 kobolds
  3 frilled lizards
  2 rats
305 creatures vanquished.

Vanquished Creatures (others)
  An orc (D:9)
  311 foxfires
  4 fungi (Lair:1)
  15 plants
331 creatures vanquished.

Grand Total: 636 creatures vanquished

Notes
Turn   | Place    | Note
-------+----------+-------------------------------------------
     0 | D:1      | DemonSlayer the Demonspawn Fire Elementalist began the
                  | quest for the Orb.
     0 | D:1      | Reached XP level 1. HP: 13/13 MP: 3/3
   969 | D:1      | Gained mutation: Spells you cast may paralyse adjacent
                  | enemies. [demonic ancestry]
   969 | D:1      | Reached XP level 2. HP: 19/19 MP: 0/5
   972 | D:1      | Learned a level 2 spell: Scorch
  1959 | D:2      | Found a shadowy altar of Dithmenos.
  2328 | D:2      | Gained mutation: You have a pair of small antennae on your
                  | head. [demonic ancestry]
  2328 | D:2      | Reached XP level 3. HP: 24/24 MP: 4/6
  3435 | D:3      | Found a faded altar of an unknown god.
  3544 | D:3      | Found a sacrificial altar of Ru.
  3956 | D:3      | Learned a level 3 spell: Stone Arrow
  4064 | D:4      | Reached XP level 4. HP: 26/31 MP: 3/8
  4251 | D:4      | Noticed a water moccasin
  4258 | D:4      | Killed a water moccasin
  4259 | D:4      | Reached skill level 1 in Armour
  4259 | D:4      | Reached skill level 3 in Spellcasting
  4259 | D:4      | Reached XP level 5. HP: 31/36 MP: 2/9
  4437 | D:4      | Gained mutation: Spells you cast may paralyse nearby
                  | enemies. [demonic ancestry]
  4437 | D:4      | Reached XP level 6. HP: 42/42 MP: 0/10
  4691 | D:4      | Found a snail-covered altar of Cheibriados.
  4811 | D:4      | Learned a level 4 spell: Flame Wave
  4844 | D:4      | Became a worshipper of Cheibriados the Contemplative
  4881 | D:5      | Entered Level 5 of the Dungeon
  4968 | D:5      | Found a radiant altar of Vehumet.
  4989 | D:5      | Reached skill level 1 in Fighting
  5548 | D:5      | Reached XP level 7. HP: 48/48 MP: 9/12
  5617 | D:5      | Reached skill level 1 in Short Blades
  5696 | D:5      | Found a basalt altar of Yredelemnul.
  5910 | D:5      | Reached skill level 4 in Spellcasting
  6037 | D:5      | Learned a level 3 spell: Conjure Flame
  6086 | D:6      | Reached skill level 5 in Fire Magic
  6086 | D:6      | Gained mutation: A meltable shield of frost defends you.
                  | (SH +4) [demonic ancestry]
  6086 | D:6      | Reached XP level 8. HP: 54/54 MP: 6/14
  6169 | D:6      | Noticed Blork the orc
  6175 | D:6      | Killed Blork the orc
  6176 | D:6      | Reached skill level 5 in Stealth
  6307 | D:6      | Reached skill level 5 in Spellcasting
  6803 | D:6      | Reached * piety under Cheibriados
  6963 | D:6      | Found Ferghug's Antique Armour Boutique.
  7010 | D:6      | Bought a pair of runed gloves for 142 gold pieces
  7130 | D:6      | Learned a level 4 spell: Cause Fear
  7169 | D:7      | Reached skill level 6 in Spellcasting
  7269 | D:7      | Found a staircase to the Ecumenical Temple.
  7281 | D:7      | Gained mutation: You have a pair of antennae on your head.
                  | [demonic ancestry]
  7281 | D:7      | Reached XP level 9. HP: 59/59 MP: 15/18
  7393 | D:7      | Found a blossoming altar of Fedhas.
  7396 | D:7      | Found an ornate altar of the Wu Jian Council.
  7498 | D:7      | Found an opulent altar of Gozag.
  7549 | D:7      | Found a hide-covered altar of Uskayaw.
  8163 | D:8      | Noticed Grum
  8411 | D:8      | Noticed a centaur warrior
  8413 | D:8      | Killed Grum
  9070 | D:8      | Killed a centaur warrior
  9165 | D:8      | Reached skill level 7 in Spellcasting
  9426 | D:8      | Gained mutation: You have a somewhat thin skeletal
                  | structure. (Dex +2, Stealth+) [demonic ancestry]
  9426 | D:8      | Reached XP level 10. HP: 49/67 MP: 12/20
  9597 | D:8      | Noticed Maurice
  9795 | D:8      | Killed Maurice
  9880 | D:8      | Noticed a five-headed hydra
 10493 | D:8      | Noticed Maggie
 10735 | D:8      | Killed a five-headed hydra
 10736 | D:8      | Reached skill level 1 in Shields
 10787 | D:8      | Learned a level 3 spell: Frozen Ramparts
 10792 | D:8      | Learned a level 4 spell: Summon Ice Beast
 10820 | D:8      | Killed Maggie
 11099 | D:9      | Found a flagged portal.
 11109 | Bailey   | Entered a bailey
 11704 | Bailey   | Reached ** piety under Cheibriados
 11735 | Bailey   | Reached skill level 8 in Spellcasting
 12387 | D:9      | Reached skill level 1 in Earth Magic
 12514 | D:9      | Noticed Prince Ribbit
 12514 | D:9      | Noticed Psyche
 12515 | D:9      | Noticed Joseph
 12523 | D:10     | Entered Level 10 of the Dungeon
 12917 | D:11     | Found a staircase to the Orcish Mines.
 12926 | D:11     | Noticed an orc knight
 12944 | D:11     | Gained mutation: Spells you cast and wands you use may
                  | paralyse nearby enemies. [demonic ancestry]
 12944 | D:11     | Reached XP level 11. HP: 58/74 MP: 18/23
 12953 | D:11     | Killed an orc knight
 13628 | D:11     | Noticed a seven-headed hydra
 13907 | D:10     | Reached skill level 9 in Spellcasting
 14036 | D:10     | Reached *** piety under Cheibriados
 14283 | D:10     | Reached skill level 5 in Conjurations
 14385 | D:10     | Found Lailon's Jewellery Boutique.
 14386 | D:10     | Found Quqeh's Antique Weapon Boutique.
 14386 | D:10     | Found Mastoen's Assorted Antiques.
 14390 | D:10     | Found Ramigop's Distillery.
 14395 | D:10     | Bought a ring of magical power for 260 gold pieces
 14748 | D:10     | Bought a potion of berserk rage for 55 gold pieces
 14748 | D:10     | Bought a potion of magic for 88 gold pieces
 14748 | D:10     | Bought a potion of curing for 33 gold pieces
 14748 | D:10     | Bought a potion of heal wounds for 55 gold pieces
 14748 | D:10     | Bought a potion of invisibility for 88 gold pieces
 14748 | D:10     | Bought a potion of might for 44 gold pieces
 14748 | D:10     | Bought a potion of heal wounds for 55 gold pieces
 14748 | D:10     | Bought a potion of mutation for 88 gold pieces
 14751 | D:10     | Bought a scroll of teleportation for 93 gold pieces
 14751 | D:10     | Bought a scroll labelled WUCHOE POAVVO for 31 gold pieces
 14751 | D:10     | Bought a pair of runed gloves for 232 gold pieces
 14894 | D:10     | Found a burning altar of Makhleb.
 15131 | D:9      | Killed Psyche
 15695 | D:9      | Killed Prince Ribbit
 15745 | D:9      | Found a shimmering blue altar of Sif Muna.
 15826 | D:9      | Killed Joseph
 16095 | D:9      | Found Esouqag's Jewellery Boutique.
 16336 | D:9      | Found a runed translucent gate.
 16336 | D:9      | Found a runed translucent gate.
 16336 | D:9      | Found a runed translucent gate.
 16337 | D:9      | Noticed firemarshallily's ghost (novice DsGl)
 16460 | D:8      | Learned a level 3 spell: Mephitic Cloud
 16634 | D:11     | You fall into a shaft and drop 1 floor!
 16641 | D:12     | Found Hec Ytyu's Weapon Emporium.
 16800 | D:12     | Found Amean's Antique Armour Shoppe.
 16936 | D:12     | Noticed a two-headed ogre
 16940 | D:12     | Killed a two-headed ogre
 16941 | D:12     | Reached XP level 12. HP: 77/81 MP: 21/25
 17034 | D:12     | Found Nolani's Weapon Emporium.
 17127 | D:12     | Found Zumeal's Book Shop.
 17179 | D:12     | Noticed Azrael
 17189 | D:12     | Killed Azrael
 17591 | D:12     | Found Kaludd Zinno's Assorted Antiques.
 17889 | D:12     | Reached skill level 10 in Spellcasting
 17914 | D:12     | Bought a glowing pink potion for 24 gold pieces
 18125 | D:11     | Killed a seven-headed hydra
 18223 | D:11     | Found a staircase to the Lair.
 20198 | Lair:1   | Entered Level 1 of the Lair of Beasts
 20295 | Lair:1   | Found a frozen archway.
 20304 | Lair:1   | Reached **** piety under Cheibriados
 20461 | IceCv    | Entered an ice cave
 20600 | IceCv    | HP: 2/81 [ice devil (11)]
 20609 | IceCv    | Slain by an ice devil

Illustrated notes

Levels and vault maps discovered:
D:1:      minmay_arrival_jagged, layout_loops_corners, minmay_statues_item
D:2:      layout_basic, basic_altar
D:3:      layout_basic, lemuel_doored_altar, ebering_ecumenical_altar_rust
D:4:      layout_basic, cheibrodos_worm_habitat, serial_rivers,
          chequers_serial_rivers_small_3, chequers_serial_rivers_large_a,
          chequers_serial_rivers_micro_e, chequers_serial_rivers_micro_d
D:5:      layout_gridville, nicolae_vehumet_altar_sigil,
          lemuel_mausoleum_altar_yredelemnul
D:6:      layout_cave_pools, serial_shops, nicolae_shop_overgrown_old_shop,
          kennysheep_generic_room_2, uniq_blork_the_orc
D:7:      layout_loops_ring, grunt_temple_overflow_open,
          grunt_gozag_breadcrumbs, minmay_temple_entry_ruins, st_stairs_12,
          wad_floor_pattern_2, minmay_stone_trees_small,
          kb_lookout_dungeons_type, chequers_serial_rivers_micro_d
D:8:      layout_loops_ring, minmay_shattered_shrine, uniq_grum, uniq_maurice,
          uniq_maggie
D:9:      layout_big_octagon, led_sif_book, gammafunk_ghost_nasty_kobolds,
          enter_bailey_2, serial_shops, shop, uniq_psyche, uniq_joseph,
          uniq_prince_ribbit1
D:10:     layout_loops_ring, lightli_temple_of_fire, minmay_shop_grid_forest
D:11:     layout_basic, lair_entry_dummy, orc_david_3
D:12:     layout_loops_ring, serial_shops, nicolae_shop_trees,
          nicolae_shop_waterfront, shop, kennysheep_little_box, shop,
          uniq_azrael
Lair:1:   beast_lair_carwin_large_2, layout_layer_cave,
          portal_ice_cave_entry_imps, grunt_forest_small_clearings, uniq_sonja
IceCv:    ice_cave_tombish

Skill      XL: |  1  2  3  4  5  6  7  8  9 10 11 12 |
---------------+-------------------------------------+-----
Fire Magic     | 3 4 5 6 7 8 9 |  9.0
Dodging        | 2 3 4 |  4.3
Stealth        | 2 3 4 5 6 8 9 |  9.4
Armour         | 1 2 3 4 |  4.5
Spellcasting   | 3 4 6 7 8 9 10 | 10.3
Conjurations   | 2 3 5 6 |  6.4
Fighting       | 1 2 3 |  3.2
Short Blades   | 1 2 3 4 |  4.2
Shields        | 1 3 |  3.3
Earth Magic    | 1 2 3 |  3.9
Throwing       | |  0.2
Ice Magic      | |  0.1
Evocations     | |  0.6

Action                   |  1- 3 |  4- 6 |  7- 9 | 10-12 || total
-------------------------+-------+-------+-------+-------++-------
Melee: Dagger            |    40 |    26 |    77 |   171 ||   314
       Punch             |       |     1 |     1 |     2 ||     4
Throw: Dart              |       |       |       |     3 ||     3
       Throwing net      |       |       |       |     5 ||     5
 Cast: Foxfire           |    50 |    37 |     6 |    89 ||   182
       Scorch            |       |     2 |    85 |    59 ||   146
       Stone Arrow       |       |       |       |   158 ||   158
       Flame Wave        |       |       |       |    14 ||    14
       Frozen Ramparts   |       |       |       |     2 ||     2
       Conjure Flame     |       |       |       |     1 ||     1
Evoke: Wand              |       |       |       |     8 ||     8
  Use: Scroll            |     1 |     4 |     8 |    31 ||    44
       Potion            |       |     1 |     1 |    16 ||    18
 Stab: Sleeping          |     6 |     2 |     9 |     6 ||    23
       Paralysed         |    13 |    11 |    28 |    53 ||   105
Armor: Robe              |     3 |       |       |       ||     3
       Leather armour    |     6 |     5 |    25 |    78 ||   114
       Skin              |       |       |       |     3 ||     3
Dodge: Dodged            |    23 |    10 |    57 |   185 ||   275
Block: Other             |       |       |    15 |   114 ||   129
       Reflection        |       |       |       |    14 ||    14
